 Dungeon Crawl Stone Soup version 0.24-a0-48-g0ecae65 (webtiles) character file.

Game seed: 9891453008752695401

58 Inarius the Skirmisher (level 3, 0/30 HPs)
             Began as a Mummy Monk on Feb 3, 2019.
             Slain by an adder (2 damage)
             ... on level 2 of the Dungeon.
             The game lasted 00:01:33 (1022 turns).

Inarius the Skirmisher (Mummy Monk)                 Turns: 1022, Time: 00:01:33

Health: 0/30       AC:  3    Str: 15    XL:     3   Next: 75%
Magic:  3/3        EV: 13    Int:  9    God:
Gold:   28         SH:  0    Dex: 14    Spells: 2/2 levels left

rFire    x . .     SeeInvis .   a - +0 hand axe
rCold    + . .     Gourm    .   (no shield)
rNeg     + + +     Faith    .   b - +0 robe
rPois    ∞         Spirit   .   (no helmet)
rElec    .         Reflect  .   c - +0 cloak
rCorr    .         Harm     .   (no gloves)
MR       .....                  (no boots)
Stlth    ++........             (no amulet)
HPRegen  0.10/turn              (no ring)
MPRegen  0.08/turn              (no ring)

@: no status effects
A: no food or potions, fire vulnerability, cold resistance 1, negative energy
resistance 3, torment resistance, unbreathing
a: no special abilities


You were on level 2 of the Dungeon.
You were not hungry.

You visited 1 branch of the dungeon, and saw 2 of its levels.

You collected 28 gold pieces.

Inventory:

Hand Weapons
 a - a +0 hand axe (weapon)
Armour
 b - a +0 robe (worn)
 c - a +0 cloak (worn)
Scrolls
 d - a scroll of fear {unknown}
 e - a scroll of enchant weapon {unknown}
 f - a scroll of immolation {unknown}
 g - a scroll of teleportation {unknown}
 h - a scroll of remove curse {unknown}


   Skills:
 * Level 4.3 Fighting
 - Level 2.4 Axes
 + Level 2.9 Dodging
 - Level 1.5 Stealth


You had 2 spell levels left.
You didn't know any spells.
Your spell library was empty.

Dungeon Overview and Level Annotations

Branches:
Dungeon (2/15)

Altars:


Innate Abilities, Weirdness & Mutations

You do not eat or drink.
Your flesh is vulnerable to fire.
You are immune to poison.
Your flesh is cold resistant. (rC+)
You are immune to negative energy. (rN+++)
You are immune to unholy pain and torment.
You can survive without breathing.


Message History

You hit the rat.
You kill the rat!
The adder closely misses you.
You can't drink.
Unknown command.
Unknown command.
You closely miss the adder.
The adder is moderately wounded.
The adder bites you.
* * * LOW HITPOINT WARNING * * *
The adder bites you but does no damage.
You closely miss the adder.
The adder is moderately wounded.
The adder bites you.
* * * LOW HITPOINT WARNING * * *
The adder closely misses you.
You barely miss the adder.
The adder is moderately wounded.
The adder bites you.
You die...

#.... #.... #.... #....
#.... #....
###..!†#######
#......@.....#
#.....S..%...###########
#............†.........#
#......................#
############...........#
#.........†.#
#...........#
#...........#
#...........#


You could see an adder.

Vanquished Creatures
  An adder (D:2)
  2 oozes (D:1)
  A worm (D:2)
  A dart slug (D:1)
  2 leopard geckos (D:1)
  A giant cockroach (D:1)
  6 goblins (D:1)
  7 hobgoblins
  2 bats (D:1)
  3 kobolds (D:1)
  7 rats
33 creatures vanquished.

Notes
Turn   | Place    | Note
-------+----------+-------------------------------------------
     0 | D:1      | Inarius the Mummy Monk began the quest for the Orb.
     0 | D:1      | Reached XP level 1. HP: 18/18 MP: 1/1
    18 | D:1      | Reached XP level 2. HP: 21/24 MP: 2/2
   402 | D:1      | Reached XP level 3. HP: 21/30 MP: 3/3
   634 | D:1      | Reached skill level 4 in Fighting
  1022 | D:2      | Slain by an adder

Vault maps used:
D:1:      scummos_arrival_hexagon, chequers_mini_garden
D:2:      marbit_many_paths, minmay_misc_feat_encased,
          minmay_misc_feat_nine_boxes

Skill      XL: |  1  2  3 |
---------------+----------+-----
Fighting       | 4 |  4.3
Axes           | |  2.4
Dodging        | |  2.9
Stealth        | |  1.5

Action                   || total
-------------------------++-------
Melee: Hand axe          ||    98
 Stab: Sleeping          ||     2
Armor: Robe              ||    18
Dodge: Dodged            ||    74

Table legend:
 A = Non-vault XP
 B = Vault XP
 C = Vault XP percentage of total XP
 D = Non-vault monster count
 E = Vault monster count
 F = Vault count percentage of total count
                 A         B        C        D         E       F
            +---------+---------+-------+---------+---------+-------
      Total |      83 |       0 |   0.0 |      33 |       0 |   0.0
            +---------+---------+-------+---------+---------+-------
        D:1 |      62 |       0 |   0.0 |      29 |       0 |   0.0
        D:2 |      21 |       0 |   0.0 |       4 |       0 |   0.0
            +---------+---------+-------+---------+---------+-------
